 Dungeon Crawl Stone Soup version 0.31-a0-841-g038b102fc3 (webtiles) character file.

Game seed: 15613812677400066513

18797 Kurtz the Severer (level 12, -13/78 HPs)
             Began as an Octopode Fighter on Sept 27, 2023.
             Was a Priest of Makhleb.
             Mangled by a manticore (19 damage)
             ... on level 13 of the Dungeon.
             The game lasted 00:27:12 (13959 turns).

Kurtz the Severer (Octopode Fighter)               Turns: 13959, Time: 00:27:12

Health: -13/78     AC:  2    Str: 17    XL:     12   Next: 62%
Magic:  16/16      EV: 18    Int: 11    God:    Makhleb [***...]
Gold:   902        SH: 20    Dex: 32    Spells: 14/15 levels left

rFire   . . .        F - +0 broad axe
rCold   + . .        s - +0 kite shield
rNeg    + + +        i - +1 hat "Kaimnos" {rN+++}
rPois   .            n - amulet of reflection
rElec   .            k - +6 ring of dexterity
rCorr   .            m - ring of wizardry
SInv    +            A - +6 ring of dexterity
Will    .....        B - ring of protection from cold
Stlth   +++++        C - +6 ring of dexterity
HPRegen 0.33/turn    O - ring of see invisible
MPRegen 0.15/turn    e - ring of positive energy
                     (no ring)

%: reflection, wizardry (x1)
@: no status effects
A: almost no armour, amphibious, 8 rings, camouflage 1, gelatinous body 1,
(nimble swimmer 1), tentacles
a: Renounce Religion, Minor Destruction, Lesser Servant of Makhleb


You were on level 13 of the Dungeon.
You worshipped Makhleb.
Makhleb was most pleased with you.
You visited 1 branch of the dungeon, and saw 13 of its levels.
You also visited: Bailey.

You collected 1492 gold pieces.
You spent 590 gold pieces at shops.

Inventory:

Hand Weapons
 a - a +0 war axe
 h - a +1 hand axe of flaming
 F - a +0 broad axe (weapon)
Missiles
 f - 31 poisoned darts (quivered)
 G - 19 boomerangs
 K - 4 curare-tipped darts
 R - 2 throwing nets
Armour
 i - the +1 hat "Kaimnos" (worn) {rN+++}
   (You acquired it on level 8 of the Dungeon)

   rN+++:     It renders you almost immune to negative energy.
 s - a +0 kite shield (worn)
Jewellery
 e - a ring of positive energy (on tentacle)
 k - a +6 ring of dexterity (left tentacle)
 m - a ring of wizardry (right tentacle)
 n - an amulet of reflection (around mantle)
 A - a +6 ring of dexterity (on tentacle)
 B - a ring of protection from cold (on tentacle)
 C - a +6 ring of dexterity (on tentacle)
 O - a ring of see invisible (on tentacle)
 P - a ring of ice
Wands
 w - a wand of flame (5)
 x - a wand of iceblast (3)
Scrolls
 b - a scroll of amnesia {unknown}
 c - a scroll of fog
 l - 2 scrolls of revelation
 o - 3 scrolls of teleportation
 p - 2 scrolls of enchant armour
 q - a scroll of torment
 u - 2 scrolls of vulnerability
 y - 3 scrolls of noise {unknown}
 z - a scroll of fear {unknown}
 J - a scroll of enchant weapon {unknown}
Potions
 d - a potion of invisibility
 g - 2 potions of resistance
 j - 2 potions of attraction
 r - 2 potions of might
 v - 2 potions of curing
 D - 2 potions of ambrosia
 H - 5 potions of enlightenment
 I - 3 potions of haste
 L - a potion of degeneration
 M - a potion of magic
 N - 2 potions of mutation


   Skills:
 * Level 5.7 Fighting
 * Level 15.7 Axes
 * Level 6.1 Dodging
 - Level 4.0 Stealth
 * Level 9.0 Shields
 - Level 2.3 Spellcasting
 - Level 2.2 Necromancy
 - Level 5.4 Invocations


You had 14 spell levels left.
You knew the following spells:

 Your Spells              Type           Power      Damage    Failure   Level
a - Necrotise             Necr           24%        1d5       10%         1

Your spell library contained the following spells:

 Spells                   Type           Power      Damage    Failure   Level
 Sublimation of Blood     Necr           6%         N/A       16%         2
 Apportation              Tloc           2%         N/A       24%         1
 Magic Dart               Conj           4%         1d3       24%         1
 Sting                    Tmut/Pois      4%         1d3       24%         1
 Summon Small Mammal      Summ           4%         N/A       24%         1
 Ensorcelled Hibernation  Hex/Ice        2%         N/A       32%         2
 Jinxbite                 Hex            2%         N/A       32%         2
 Passwall                 Tmut/Erth      0%         N/A       32%         2
 Searing Ray              Conj           2%         2d4       32%         2
 Frozen Ramparts          Ice            2%         1d1       54%         3
 Swiftness                Air            1%         N/A       54%         3
 Anguish                  Hex/Necr       1%         N/A       80%         4
 Fulminant Prism          Conj/Hex       0%         3d5       90%         4
 Manifold Assault         Tloc           1%         N/A       90%         4
 Petrify                  Tmut/Erth      1%         N/A       90%         4
 Irradiate                Conj/Tmut      0%         3d11      99%         5
 Metabolic Englaciation   Hex/Ice        0%         N/A       99%         5
 Yara's Violent Unravell  Hex/Tmut       0%         3d3       99%         5
 Dispersal                Tloc           0%         N/A       100%        6
 Disjunction              Tloc           0%         N/A       100%        8


Dungeon Overview and Level Annotations

Branches:
Dungeon (13/15)            Temple (0/1) D:5            Lair (0/5) D:8
    Orc (0/2) D:10         Bailey (visited)
 Vaults: D:13-14

Altars:
Ashenzari
Cheibriados
Elyvilon
Hepliaklqana
Kikubaaqudgha
Makhleb
Sif Muna
Vehumet
Xom

Shops:
D:3 ??!*   D:10 :*!!!

Annotations:
D:4 exclusion: jelly
D:7 exclusion: downstairs
D:13 1 runed translucent door, Heqer's ghost, journeyman MiFi


Innate Abilities, Weirdness & Mutations

You cannot wear most types of armour.
You are amphibious.
You can wear up to eight rings at the same time.
Your skin changes colour to match your surroundings (Stealth+).
Your rubbery body absorbs attacks. (AC +1, EV +1)
((You are camouflaged when in or above water. (Stealth+)))
You have tentacles for arms and can constrict up to eight enemies at once.


Message History

Your ufetubus hits the centaur. x2
Your ufetubus barely misses the centaur.
Your ufetubus hits the centaur but does no damage.
You catch the helpless centaur completely off-guard!
You slash the centaur!
You kill the centaur!
Makhleb accepts your kill. Something bites your ynoxinul!
Something claws your ynoxinul but does no damage.
Something claws your ynoxinul!
Your ynoxinul dies!
Your ynoxinul disappears in a puff of smoke!
Your ufetubus disappears in a puff of smoke! x3
Unknown command.
You barely miss the manticore. You squeeze the manticore!
The manticore is lightly wounded.
The manticore bites you! You block the manticore's attack.
The manticore claws you!
You slash the manticore!
The manticore is heavily wounded.
You hit the manticore but do no damage.
The manticore is heavily wounded.
You block the manticore's attack. x2; The manticore barely misses you.
You slash the manticore! Your squeeze misses the manticore.
The manticore is severely wounded.
You block the manticore's attack. The manticore claws you.
The manticore closely misses you.
You hit the manticore but do no damage.
The manticore is severely wounded.
The manticore bites you!! The manticore closely misses you.
You block the manticore's attack.
You barely miss the manticore.
The manticore is severely wounded.
The manticore bites you!!
* * * LOW HITPOINT WARNING * * *
The manticore closely misses you. You block the manticore's attack.
You hit the manticore.
The manticore is severely wounded.
The manticore bites you!!
You die...

... ###.#
..#.# . #.#.#
.. .H#.#
.##.#.# .
'.)#.#
....##.#.#
#...H)#####
.§C#..§#@....#
§§W+...#####.#
§§§#..##
####.. #$. ###


You could see a manticore.

Vanquished Creatures
  2 boulder beetles (D:12)
  A two-headed ogre (D:9)
  Fannar (D:10)
  A centaur warrior (D:13)
  2 cyclopes
  A manticore (D:12)
  Joseph (D:8)
  2 gargoyles
  A kobold demonologist (D:11)
  An unseen horror (D:12)
  An efreet (D:12)
  6 trolls
  A hornet (D:9)
  A vampire (D:11)
  A spriggan (shapeshifter) (D:13)
  A wyvern (D:10)
  3 wraiths
  18 yaks
  2 steam dragons
  12 vampire mosquitoes
  Menkaure (D:4)
  An acid dragon (D:10)
  2 water moccasins
  An ice beast (D:5)
  10 orc warriors
  A sky beast (D:7)
  An ogre (D:6)
  7 centaurs
  A phantom (D:7)
  5 kobold brigands
  5 bullfrogs
  2 gnoll sergeants
  3 scorpions
  5 wights
  11 killer bees
  5 howler monkeys
  2 hounds (D:5)
  3 orc priests
  2 gnoll boudas
  A sleepcap (D:5)
  2 hell rats
  7 iguanas
  13 orc wizards
  14 gnolls
  An adder (D:4)
  3 river rats
  2 shadow imps (D:6)
  2 white imps (D:5)
  2 ufetubi
  A worm (D:2)
  5 dart slugs
  23 orcs
  3 ball pythons
  6 bats (D:1)
  5 endoplasms
  A giant cockroach (D:2)
  12 goblins
  8 hobgoblins
  3 jackals (D:1)
  30 kobolds
  3 quokkas
  3 frilled lizards
  12 rats
289 creatures vanquished.

Vanquished Creatures (collateral kills)
  A two-headed ogre (D:9)
  A freezing wraith (D:13)
  2 yaks
  A kobold brigand (D:11)
5 creatures vanquished.

Vanquished Creatures (others)
  An orc wizard (D:3)
1 creature vanquished.

Grand Total: 295 creatures vanquished

Notes
Turn   | Place    | Note
-------+----------+-------------------------------------------
     0 | D:1      | Kurtz the Octopode Fighter began the quest for the Orb.
     0 | D:1      | Reached XP level 1. HP: 16/16 MP: 1/1
   221 | D:1      | Reached XP level 2. HP: 21/21 MP: 2/2
   247 | D:1      | Reached skill level 3 in Axes
   388 | D:1      | Reached XP level 3. HP: 18/26 MP: 3/3
   744 | D:1      | Reached skill level 1 in Stealth
   968 | D:2      | Reached XP level 4. HP: 11/31 MP: 4/4
  1143 | D:2      | Found a faded altar of an unknown god.
  1167 | D:2      | Found a shimmering altar of Xom.
  1240 | D:2      | Reached skill level 4 in Axes
  1554 | D:3      | Found Agukh's Distillery.
  1562 | D:3      | Bought a potion of curing for 36 gold pieces
  1573 | D:3      | Found Esyff's Assorted Antiques.
  1644 | D:3      | Noticed a scorpion
  1650 | D:3      | Killed a scorpion
  1651 | D:3      | Reached XP level 5. HP: 21/36 MP: 5/5
  1997 | D:3      | Found Sil Pen Fuva's Magic Scroll Emporium.
  2003 | D:3      | Bought a scroll of identify for 22 gold pieces
  2005 | D:3      | Learned a level 1 spell: Necrotise
  2100 | D:3      | Found a shimmering blue altar of Sif Muna.
  2103 | D:3      | Reached skill level 5 in Axes
  2125 | D:3      | Reached XP level 6. HP: 13/42 MP: 6/6
  2265 | D:3      | Found an ancient bone altar of Kikubaaqudgha.
  2275 | D:3      | Found a radiant altar of Vehumet.
  2484 | D:3      | Found Sail's Magic Scroll Shop.
  2549 | D:4      | Noticed Menkaure
  2552 | D:4      | Killed Menkaure
  2553 | D:4      | Reached skill level 6 in Axes
  2553 | D:4      | Reached skill level 1 in Spellcasting
  2553 | D:4      | Reached skill level 1 in Necromancy
  2621 | D:4      | Reached XP level 7. HP: 46/46 MP: 5/8
  2694 | D:4      | Found a broken altar of Ashenzari.
  2709 | D:4      | Found a burning altar of Makhleb.
  2766 | D:4      | Became a worshipper of Makhleb the Destroyer
  2826 | D:5      | Entered Level 5 of the Dungeon
  3363 | D:5      | Reached skill level 7 in Axes
  3464 | D:5      | Reached XP level 8. HP: 8/52 MP: 8/11
  4029 | D:5      | Found a staircase to the Ecumenical Temple.
  4447 | D:6      | Reached skill level 8 in Axes
  4611 | D:6      | Reached * piety under Makhleb
  5005 | D:7      | Reached skill level 9 in Axes
  5176 | D:7      | Reached XP level 9. HP: 45/56 MP: 12/12
  5320 | D:7      | Reached skill level 10 in Axes
  5981 | D:7      | Reached skill level 1 in Invocations
  6039 | D:8      | Noticed a death yak
  6039 | D:8      | Noticed Joseph
  6086 | D:8      | Identified a scroll of acquirement
  6087 | D:8      | Acquired the +1 hat "Kaimnos" {rN+++}
  6117 | D:7      | Reached skill level 11 in Axes
  6173 | D:8      | Noticed a death yak
  6272 | D:8      | Found a staircase to the Lair.
  6291 | D:8      | Killed Joseph
  6433 | D:8      | Noticed a death yak
  6505 | D:8      | Reached skill level 12 in Axes
  6614 | D:8      | Reached ** piety under Makhleb
  6618 | D:8      | Reached XP level 10. HP: 63/63 MP: 13/13
  7303 | D:9      | Found a flagged portal.
  7314 | Bailey   | Entered a bailey
  7414 | Bailey   | Reached skill level 5 in Shields
  7636 | Bailey   | Reached *** piety under Makhleb
  8102 | D:9      | Found a hazy altar of Hepliaklqana.
  8107 | D:9      | Found a snail-covered altar of Cheibriados.
  8673 | D:9      | Noticed a two-headed ogre
  8690 | D:9      | Killed a two-headed ogre
  8719 | D:9      | Noticed a two-headed ogre
  8726 | D:9      | Killed a two-headed ogre
  8727 | D:9      | Reached skill level 13 in Axes
  8857 | D:9      | Reached XP level 11. HP: 69/69 MP: 14/14
  9061 | D:10     | Entered Level 10 of the Dungeon
  9485 | D:10     | Found Luprog's Distillery.
  9493 | D:10     | Bought a potion of degeneration for 17 gold pieces
  9493 | D:10     | Bought a potion of magic for 136 gold pieces
  9493 | D:10     | Bought a potion of ambrosia for 136 gold pieces
  9493 | D:10     | Bought a potion of might for 68 gold pieces
  9525 | D:10     | Found Ifouwur's Distillery.
  9533 | D:10     | Bought a potion of mutation for 88 gold pieces
  9615 | D:10     | Found Piclyitt's Distillery.
  9753 | D:10     | Found Efeal's Assorted Antiques.
  9756 | D:10     | Found a staircase to the Orcish Mines.
  9761 | D:10     | Bought a potion of curing for 87 gold pieces
  9795 | D:10     | Found Coqehyot's Book Emporium.
  9838 | D:10     | Reached skill level 5 in Dodging
 10019 | D:10     | Noticed Fannar
 10035 | D:10     | Killed Fannar
 10430 | D:11     | Noticed a cyclops
 10459 | D:11     | Killed a cyclops
 11002 | D:11     | Reached skill level 5 in Invocations
 11056 | D:11     | Reached skill level 5 in Fighting
 11744 | D:12     | Noticed a boulder beetle
 11885 | D:12     | Killed a boulder beetle
 12183 | D:11     | Reached XP level 12. HP: 77/77 MP: 16/16
 12194 | D:12     | Reached skill level 14 in Axes
 12334 | D:12     | Noticed a boulder beetle
 12352 | D:12     | Killed a boulder beetle
 12979 | D:12     | Found a white marble altar of Elyvilon.
 12993 | D:12     | Got an illuminated book
 13360 | D:12     | Reached skill level 15 in Axes
 13522 | D:13     | Noticed a centaur warrior
 13526 | D:13     | Noticed a centaur warrior
 13676 | D:13     | Found a runed translucent door.
 13676 | D:13     | Noticed a fire giant
 13676 | D:13     | Noticed Heqer's ghost (journeyman MiFi)
 13681 | D:13     | Killed a centaur warrior
 13688 | D:12     | Reached **** piety under Makhleb
 13959 | D:13     | Mangled by a manticore

Illustrated notes

Levels and vault maps discovered:
D:1:      eino_arrival_water_star, layout_basic, grunt_decor_resistance,
          hangedman_feature_mirror
D:2:      layout_basic, shapermc_ecumenical_altar_totnotflames, basic_altar
D:3:      layout_loops_ring, palyth_temple_overflow_mages, serial_shops,
          nicolae_shop_rolled_up, shop, shop, nicolae_shop_hallway_plus,
          bh_walls_and_bars
D:4:      layout_basic, cheibrodos_ashenzari_chains,
          mainiacjoe_overflow_concentric_impassable,
          gammafunk_ghost_nasty_kobolds, serial_shops,
          nicolae_shop_tiny_waterfront, kennysheep_generic_room_10,
          uniq_menkaure
D:5:      layout_layer_cave, minmay_temple_entry_enclosed_plants, nicolae_titane
D:6:      layout_cave_pools
D:7:      layout_gridville, kennysheep_windowed_goal
D:8:      layout_loops_ring, pf_just_have_faith, dpeg_lair_monsters, uniq_joseph
D:9:      layout_layer_cave, grunt_temple_overflow_open, enter_bailey_3
D:10:     layout_loops_cross, orc_0_dummy, serial_shops, shop, shop,
          shop_statue, nicolae_shop_waterfront, shop, kennysheep_generic_room_2,
          uniq_fannar
D:11:     layout_gridville, hangedman_abyss_or_decor_stagger
D:12:     layout_gridville, serial_rivers, chequers_serial_rivers_small_b,
          chequers_serial_rivers_room_a, chequers_serial_rivers_small_a,
          chequers_serial_rivers_micro_d, chequers_serial_rivers_small_a,
          elyvilon_altar_1
D:13:     layout_basic, erik_vaults_1, ebering_ghost_inner_flame, minivault_19,
          lightli_fourway_metalbox

Skill      XL: |  1  2  3  4  5  6  7  8  9 10 11 12 |
---------------+-------------------------------------+-----
Axes           | 3 4 5 6 7 9 12 13 15 | 15.7
Stealth        | 1 2 3 4 |  4.0
Spellcasting   | 1 2 |  2.3
Necromancy     | 1 2 |  2.2
Shields        | 4 6 8 9 |  9.0
Invocations    | 2 4 5 |  5.4
Dodging        | 4 6 |  6.1
Fighting       | 4 5 |  5.7

Action                     |  1- 3 |  4- 6 |  7- 9 | 10-12 || total
---------------------------+-------+-------+-------+-------++-------
  Melee: War axe           |    61 |    39 |     5 |       ||   105
         Constrict         |    19 |     9 |    51 |    66 ||   145
         Tentacles         |    17 |    10 |    64 |   154 ||   245
         Hand axe          |       |       |   209 |   357 ||   566
         Punch             |       |       |     4 |     7 ||    11
         Broad axe         |       |       |       |   111 ||   111
  Throw: Dart              |       |       |    17 |    92 ||   109
         Boomerang         |       |       |       |    11 ||    11
   Cast: Necrotise         |       |     2 |    17 |       ||    19
 Invoke: Lesser Servant of |       |       |       |     5 ||     5
         Minor Destruction |       |       |       |     1 ||     1
  Evoke: Wand              |       |       |     7 |    25 ||    32
    Use: Potion            |       |     6 |       |     4 ||    10
         Scroll            |       |       |    10 |     8 ||    18
   Stab: Sleeping          |     7 |     2 |     7 |     5 ||    21
         Distracted        |       |       |     2 |     2 ||     4
         Invisible         |       |       |       |     2 ||     2
 Armour: Skin              |    24 |    47 |    70 |   114 ||   255
  Dodge: Dodged            |    29 |    15 |    77 |   170 ||   291
  Block: Buckler           |     8 |     9 |    28 |       ||    45
         Kite shield       |       |       |   105 |   385 ||   490
         Reflection        |       |       |     2 |    37 ||    39

Table legend: (Time is in decaauts)
 A = Elapsed time spent in this place.
 B = Non-inter-level travel time spent in this place.
 C = Inter-level travel time spent in this place.
 D = Time resting spent in this place.
 E = Time spent auto-exploring this place.
 F = Levels seen in this place.
 G = Mean time per level.
                   A        B        C        D        E       F      G
               +--------+--------+--------+--------+--------+-----+--------+
         Total |  13957 |  13573 |    384 |   4137 |   6561 |  14 |  996.9 |
       Dungeon |  13506 |  13122 |    384 |   4119 |   6467 |  13 | 1038.9 |
        Bailey |    450 |    450 |      0 |     18 |     94 |   1 |  450.0 |
               +--------+--------+--------+--------+--------+-----+--------+

Top non-repeatable levels by time:
    D:12: 2034 daAuts
    D:10: 1559 daAuts
     D:5: 1542 daAuts
     D:9: 1453 daAuts
     D:7: 1233 daAuts
    D:11: 1185 daAuts
     D:3: 1029 daAuts
     D:8: 927 daAuts
     D:1: 786 daAuts
     D:2: 742 daAuts
     D:6: 616 daAuts
  Bailey: 450 daAuts
     D:4: 304 daAuts
    D:13: 91 daAuts
